 Dungeon Crawl Stone Soup version 0.15-a0-288-gf1bfef0 (webtiles) character file.

79 ReteAZ the Stinger (level 2, 14/22 HPs)
             Began as a Naga Venom Mage on Apr 29, 2014.
             Quit the game on Level 1 of the Dungeon.
             The game lasted 00:05:04 (1171 turns).

ReteAZ the Stinger (Naga Venom Mage)                Turns: 1171, Time: 00:05:04

HP  14/22        AC  1     Str 10      XL: 2   Next: 83%
MP   4/5         EV 10     Int 15      God:
Gold 58          SH  0     Dex 11      Spells:  1 memorised,  4 levels left

rFire  . . .     SeeInvis +     h - +0 dagger
rCold  . . .     Clarity  .     a - +0 robe
rNeg   + . .     Conserve .     (no shield)
rPois  +         rCorr    .     (no helmet)
rElec  .         rRot     .     (no cloak)
SustAb . .       Spirit   .     (no gloves)
rMut   .         Warding  .     (no barding)
Saprov . . .     Stasis   .     (no amulet)
MR     .....                    (no ring)
                                f - ring of positive energy

@: very slow, not resistant to hostile enchantments, fairly stealthy
A: spit poison, see invisible, deformed body, poison resistance, slowness 2
a: Spit Poison


You were on level 1 of the Dungeon.
You were not hungry.

You visited 1 branch of the dungeon, and saw 1 of its levels.

You collected 58 gold pieces.

Inventory:

Hand weapons
 h - a +0,+0 dagger (weapon)
Missiles
 e - 3 needles of confusion
Armour
 a - a +0 robe (worn)
Comestibles
 c - a bread ration
 i - a meat ration
 m - 2 apples
 n - a lychee
 s - a rotting chunk of kobold flesh
 t - a rotting chunk of bat flesh
 u - 2 chunks of goblin flesh
Scrolls
 d - a scroll of fear {unknown}
 o - a scroll of noise {unknown}
 p - a scroll of recharging {unknown}
 r - a scroll of teleportation {unknown}
Jewellery
 f - a ring of positive energy (left hand)
Potions
 g - a potion of curing {unknown}
 j - a potion of flight {unknown}
 l - a potion of magic {unknown}
 q - a potion of cure mutation {unknown}
Books
 b - a Young Poisoner's Handbook

   Spells                             Type                      Level
   *Sting                             Conjuration/Poison           1
   Cure Poison                        Poison                       2
   Mephitic Cloud                     Conjuration/Poison/Air       3
   Olgreb's Toxic Radiance            Poison                       4
   Venom Bolt                         Conjuration/Poison           5


   Skills:
 - Level 1.5 Dodging
 - Level 3.1 Stealth
 + Level 2.3 Spellcasting
 + Level 5.9 Poison Magic


You had 4 spell levels left.
You knew the following spells:

 Your Spells              Type           Power        Failure   Level  Hunger
a - Sting                 Conj/Pois      ##..         8%          1    #......


Dungeon Overview and Level Annotations

Branches:
Dungeon (1/15)

Altars:


Innate Abilities, Weirdness & Mutations

You cannot wear boots.
You can spit poison.
You have supernaturally acute eyesight.
Armour fits poorly on your strangely shaped body.
Your system is resistant to poisons.
You cover ground very slowly.


Message History

You closely miss the goblin.
The goblin is moderately wounded.
The goblin hits you.
Casting: Sting
Confirm with . or Enter, or press ? or * to list all spells.
Aiming: Sting
Press: ? - help, Shift-Dir - straight line, f - goblin
Aim: a goblin (moderately wounded)
The sting hits the goblin.
The goblin is poisoned.
You kill the goblin!
You now have 58 gold pieces (gained 15).
You see here a goblin corpse.
You start butchering the goblin corpse.
You continue butchering the corpse.
You continue butchering the corpse. x2
You finish butchering the goblin corpse.
u - 2 chunks of goblin flesh Eat a chunk of kobold flesh? (ye/n/q/i?) This raw flesh tastes terrible.
You continue eating. x2
Are you sure you want to abandon this character and quit the game? (Confirm with "yes".)

≈≈≈≈.........................#.#
≈≈≈......#........##.#########.##
....#....+........##......# #...
#..##....##.......##......# ####
..>......+........##......#
.#..#....###..............#
....#......#.########.....#######
..#.#.#..###........'..........##
..#.#.#..###..#######.....####.##
..#.#...........@.........# #.##
..#.#.....................####.##
.).............##########......##
%.#............# ###...........
..##################.............
#.# #..........'....###.##### #)#
#.##########....# #.# #. #.# #.#
#........# #.# #. ..# #.#
#####...## ######. ### #.# #§.§#
#.....


There were no monsters in sight!

Vanquished Creatures
  2 bats (D:1)
  A giant cockroach (D:1)
  5 hobgoblins (D:1)
  4 goblins (D:1)
  5 kobolds (D:1)
  2 rats (D:1)
19 creatures vanquished.

Notes
Turn   | Place    | Note
--------------------------------------------------------------
     0 | D:1      | ReteAZ, the Naga Venom Mage, began the quest for the Orb.
     0 | D:1      | Reached XP level 1. HP: 15/15 MP: 3/3
   481 | D:1      | Reached XP level 2. HP: 22/22 MP: 0/4
  1171 | D:1      | Quit the game

Action                   || total
-------------------------++-------
Melee: Unarmed           ||     5
       Dagger            ||    29
 Cast: Sting             ||    24
 Abil: Spit Poison       ||     7
 Stab: Distracted        ||     1
